 Adventure DCSS version bcrawl-1.22 (webtiles) character file.

Game seed: 14898589805587943751

23 funkygono the Magician (level 3, -2/21 HPs)
             Began as a Fairy Wizard on May 17, 2020.
             Slain by an adder (5 damage)
             ... on level 2 of the Dungeon.
             The game lasted 00:02:55 (1378 turns).

funkygono the Magician (Fairy Wizard)               Turns: 1378, Time: 00:02:55

Health: -2/21      AC:  5    Str:  5    XL:     3   Next: 0%
Magic:  11/11      EV: 16    Int: 22    God:
Gold:   83         SH:  4    Dex: 10    Spells: 7/12 levels left
                                        Lives:  0   Deaths: 2

rFire    . . .     SeeInvis .   a - +0 staff
rCold    . . .     Gourm    .   (shield currently unavailable)
rNeg     . . .     Faith    .   (armour unavailable)
rPois    .         Spirit   .   f - +0 helmet
rElec    .         Reflect  .   (no cloak)
rCorr    .         Harm     .   (no gloves)
MR       .....                  (no boots)
Stlth    +.........             (no amulet)
HPRegen  0.07/turn              (no ring)
MPRegen  0.12/turn              (no ring)

@: lethally poisoned (-2 -> -15), flying evasively
A: small, magic attunement, unstealthy, unfitting armour, able to fly, AC/SH +4
a: Stop Flying


You were on level 2 of the Dungeon.
You were not hungry.

You visited 1 branch of the dungeon, and saw 2 of its levels.

You collected 83 gold pieces.

Inventory:

Hand Weapons
 a - a +0 staff (weapon)
Armour
 f - a +0 helmet (worn)
Wands
 c - a wand of flame (18)
Scrolls
 g - a scroll of enchant weapon {unknown}
 h - a scroll of immolation {unknown}
Potions
 b - a potion of mutation
 d - a potion of brilliance
 i - a potion of invisibility {unknown}
Comestibles
 e - 3 rations {!d}


   Skills:
 + Level 2.9 Dodging
 - Level 1.6 Stealth
 + Level 5.4 Spellcasting
 + Level 1.8 Conjurations
 + Level 1.2 Summonings
 + Level 1.1 Translocations


You had 7 spell levels left.
You knew the following spells:

 Your Spells              Type           Power        Failure   Level  Hunger
a - Magic Dart            Conj           ##..         4%          1    None
b - Blink                 Tloc           N/A          10%         2    None
c - Call Imp              Summ           ##....       9%          2    None

Your spell library contained the following spells:

 Spells                   Type           Power        Failure   Level  Hunger
 Conjure Flame            Conj/Fire      ##......     21%         3    None
 Mephitic Cloud           Conj/Pois/Air  #.......     22%         3    None
 Spider Form              Tmut/Pois      #..          28%         3    None


Dungeon Overview and Level Annotations

Branches:
Dungeon (2/12)

Altars:


Innate Abilities, Weirdness & Mutations

Your spells do not cause hunger and MP costs are reduced by 1.
Your bright wings attract enemies. (Stealth-)
You cannot fit into any form of body armour.
Your shimmering scales are hard and can block incoming attacks. (AC +4, SH +4)
You are small and have problems with some larger weapons.
You can fly continuously.


Message History

The adder bites you but does no damage. The giant cockroach closely misses you.
You miss the adder.
The adder is moderately wounded.
You feel sick. The adder misses you. The giant cockroach closely misses you.
The adder bites you.
* * * LOW HITPOINT WARNING * * *
You are more poisoned.
The adder poisons you!
You miss the adder.
The adder is moderately wounded.
* * * LOW HITPOINT WARNING * * *
You feel sick.
The giant cockroach bites you but does no damage.
The adder bites you but does no damage.
The giant cockroach completely misses you.
You closely miss the adder.
The adder is moderately wounded.
* * * LOW HITPOINT WARNING * * *
You feel sick. The adder bites you.
You die...

#######.#.## #..<......#
#.#####.#.# #.# ###'##
#.# ##...## # ##.#
##.....## ##.#
.#.####.......## .>...
....##.........###.....#
.....'.........s@S.....#
....##.........###.....#
.#..###.......## #.#.#
##..# ##.....## .. ##..#
##...## # ....# ##+##
##.## #.


You could see an adder and a giant cockroach.

Vanquished Creatures
  Terence (D:2)
  An ooze (D:1)
  A dart slug (D:1)
  2 leopard geckos
  5 giant cockroaches
  6 goblins
  A hobgoblin (D:1)
  A bat (D:1)
  A rat (D:2)
19 creatures vanquished.

Notes
Turn   | Place    | Note
-------+----------+-------------------------------------------
     0 | D:1      | funkygono the Fairy Wizard began the quest for the Orb.
     0 | D:1      | Reached XP level 1. HP: 11/11 MP: 7/7
   160 | D:1      | Reached XP level 2. HP: 7/17 MP: 7/9
   181 | D:1      | Learned a level 2 spell: Blink
   184 | D:1      | Learned a level 2 spell: Call Imp
   731 | D:1      | Reached skill level 5 in Spellcasting
   898 | D:2      | Reached XP level 3. HP: 21/21 MP: 11/11
   917 | D:2      | Noticed Terence
   947 | D:2      | Slain by Terence
   948 | D:2      | Reached XP level 2. HP: -1/17 MP: 9/10
   989 | D:2      | Slain by Terence
   990 | D:2      | Reached XP level 1. HP: 0/11 MP: 8/8
  1021 | D:2      | Killed Terence
  1021 | D:2      | Reached XP level 2. HP: 9/17 MP: 10/10
  1283 | D:2      | Reached XP level 3. HP: 21/21 MP: 11/11
  1378 | D:2      | Slain by an adder

Skill      XL: |  1  2 |
---------------+-------+-----
Spellcasting   | 5 |  5.4
Dodging        | |  2.9
Stealth        | |  1.6
Conjurations   | |  1.8
Summonings     | |  1.2
Translocations | |  1.1

Action                   || total
-------------------------++-------
Melee: Staff             ||    55
 Cast: Magic Dart        ||    55
       Call Imp          ||     7
  Use: Scroll            ||     2
Armor: Skin              ||    12
Dodge: Dodged            ||    72
Block: Other             ||    19
